 Dungeon Crawl Stone Soup version 0.28.0-53-g5a82cb258f (webtiles) character file.

Game seed: 17372255393052638579

126560 buhh the Alchemist (level 16, -3/122 HPs)
             Began as an Octopode Transmuter on June 20, 2022.
             Was an Elder of Cheibriados.
             Asphyxiated
             ... on level 1 of the Snake Pit.
             The game lasted 01:03:20 (35828 turns).

buhh the Alchemist (Octopode Transmuter)           Turns: 35828, Time: 01:03:21

Health: -3/122     AC:  6    Str: 27    XL:     16   Next: 99%
Magic:  30/33      EV: 21    Int: 31    God:    Cheibriados [****..]
Gold:   2230       SH:  0    Dex: 23    Spells: 0/19 levels left

rFire   + . .      SeeInvis .     - Unarmed
rCold   . . .      Faith    .   (no shield)
rNeg    . . .      Spirit   .   c - +1 hat
rPois   .          Reflect  .   b - amulet of the acrobat
rElec   .          Harm     .   d - +4 ring of evasion
rCorr   +          Rampage  .   o - +6 ring of strength
Will    +....                   r - +4 ring of protection
Stlth   +++.......              E - +4 ring of evasion
HPRegen 0.30/turn               n - ring of fire
MPRegen 0.23/turn               w - ring of protection from cold
                                V - ring of magical power
                                q - ring of resist corrosion

@: lethally poisoned (-3 -> -8), slowed, constricted, very slow
A: almost no armour, amphibious, 8 rings, camouflage 1, gelatinous body 1,
(nimble swimmer 1), tentacles
a: Renounce Religion, Bend Time, Temporal Distortion, Slouch


You were on level 1 of the Snake Pit.
You worshipped Cheibriados.
Cheibriados was greatly pleased with you.
You visited 4 branches of the dungeon, and saw 25 of its levels.
You also visited: Bailey and Ice Cave.

You collected 2701 gold pieces.
You spent 471 gold pieces at shops.

Inventory:

Hand Weapons
 A - a +0 arbalest of freezing
Missiles
 m - 51 poisoned darts
 I - a throwing net {!f}
Armour
 a - a +1 tower shield of cold resistance {!d}
 c - a +1 hat (worn)
Magical Staves
 x - a staff of cold
Jewellery
 b - an amulet of the acrobat (around mantle)
 d - a +4 ring of evasion (left tentacle)
 n - a ring of fire (on tentacle)
 o - a +6 ring of strength (right tentacle)
 q - a ring of resist corrosion (on tentacle)
 r - a +4 ring of protection (on tentacle)
 u - an amulet of magic regeneration
 w - a ring of protection from cold (on tentacle)
 y - a ring of ice
 E - a +4 ring of evasion (on tentacle)
 V - a ring of magical power (on tentacle)
Wands
 j - a wand of flame (40)
 p - a wand of polymorph (17)
 v - a wand of digging (11)
 C - a wand of mindburst (10)
 D - a wand of acid (2)
 G - a wand of paralysis (5)
 M - a wand of charming (6)
Scrolls
 g - 8 scrolls of identify {!d}
 h - 5 scrolls of vulnerability
 i - 9 scrolls of noise
 t - 10 scrolls of teleportation {!d}
 F - 9 scrolls of enchant weapon
 P - 2 scrolls of magic mapping {!r!d}
 Q - 4 scrolls of fog
 R - a scroll of torment
 T - 5 scrolls of immolation {!d}
 X - 3 scrolls of amnesia
 Y - 3 scrolls of holy word {!r!d}
 Z - 2 scrolls of enchant armour
Potions
 e - 14 potions of degeneration
 f - 4 potions of might
 k - 4 potions of flight
 l - 3 potions of lignification {!d}
 s - 3 potions of attraction
 B - 4 potions of ambrosia {!q!d}
 H - a potion of invisibility {!q!d}
 J - 4 potions of magic {!q!d}
 K - 7 potions of brilliance {!q!d}
 L - a potion of resistance {!q!d}
 N - 6 potions of curing {!q!d}
 O - 3 potions of haste {!q!d}
 U - 4 potions of mutation {!d}
Miscellaneous
 z - a phantom mirror
 S - a phial of floods


   Skills:
 - Level 15.0 Fighting
 - Level 5.0 Dodging
 - Level 1.0 Stealth
 - Level 11.1 Unarmed Combat
 - Level 2.0 Spellcasting
 - Level 17.1 Transmutations
 - Level 8.0 Ice Magic
 - Level 8.4 Air Magic
 * Level 7.0 Earth Magic
 - Level 2.0 Poison Magic
 - Level 11.0 Invocations


You couldn't memorise any spells.
You knew the following spells:

 Your Spells              Type           Power      Damage    Failure   Level
a - Statue Form           Tmut/Erth      44%        N/A       8%          6
b - Wereblood             Tmut           83%        N/A       0%          2
d - Ice Form              Ice/Tmut       69%        N/A       1%          4
e - Storm Form            Tmut/Air       35%        N/A       32%         7

Your spell library contained the following spells:

 Spells                   Type           Power      Damage    Failure   Level
 Beastly Appendage        Tmut           100%       N/A       0%          1
 Corpse Rot               Necr/Air       58%        N/A       1%          2
 Passwall                 Tmut/Erth      55%        N/A       1%          2
 Spider Form              Tmut/Pois      58%        N/A       1%          3
 Swiftness                Air            53%        N/A       1%          3
 Ensorcelled Hibernation  Hex/Ice        54%        N/A       2%          2
 Summon Small Mammal      Summ           12%        N/A       8%          1
 Lee's Rapid Deconstruct  Erth           23%        3d14*     12%         5
 Summon Lightning Spire   Summ/Air       29%        N/A       13%         4
 Leda's Liquefaction      Hex/Erth       12%        N/A       17%         4
 Call Canine Familiar     Summ           3%         N/A       22%         3
 Summon Guardian Golem    Hex/Summ       3%         N/A       22%         3
 Dispel Undead            Necr           3%         3d7       58%         4
 Death Channel            Necr           1%         N/A       100%        6
 Maxwell's Capacitive Co  Air            26%        ∞         100%        8


Dungeon Overview and Level Annotations

Branches:
Dungeon (14/15)            Temple (0/1) D:4            Lair (6/6) D:10
 Shoals (0/4) Lair:3        Snake (3/4) Lair:4        Slime (0/5) Lair:5
    Orc (2/2) D:10            Elf (0/3) Orc:2        Bailey (visited)
  IceCv (visited)
 Vaults: D:13-14

Altars:
Cheibriados
Fedhas
Qazlal
Ru
Sif Muna
Xom
Beogh
Jiyva

Shops:
D:5 ?   D:11 [   Orc:2 *(??   Snake:2 *

Annotations:
Lair:3 exclusion: 4 oklob plants
Snake:1 Frances, Josephine


Innate Abilities, Weirdness & Mutations

You cannot wear most types of armour.
You are amphibious.
You can wear up to eight rings at the same time.
Your skin changes colour to match your surroundings (Stealth+).
Your rubbery body absorbs attacks. (AC +1, EV +1)
((You are camouflaged when in or above water. (Stealth+)))
You have tentacles for arms and can constrict up to eight enemies at once.


Message History

The salamander completely misses you.
The naga mage points at you and mumbles some strange words.
The bolt of poison hits you!!
You are more poisoned.
The salamander misses you. The naga misses you. The naga grabs you.
The naga constricts you. The salamander closely misses you.
The salamander hits you with a +0 trident.
You are engulfed in flames.
You resist.
The naga mage points at you and mumbles some strange words.
The bolt of poison hits you!!
You are more poisoned.
* * * LOW HITPOINT WARNING * * *
The naga closely misses you. The naga constricts you.
* * * LOW HITPOINT WARNING * * *
The salamander hits you from afar with a +4 trident.
* * * LOW HITPOINT WARNING * * *
You are engulfed in flames.
You resist.
* * * LOW HITPOINT WARNING * * *
The salamander hits you with a +0 trident!
* * * LOW HITPOINT WARNING * * *
You are engulfed in flames.
You resist.
* * * LOW HITPOINT WARNING * * *
The naga mage barely misses you.
Frances shouts!
Things that are here:
a +0 flail; a +0 robe
Okay, then.
Okay, then.
Okay, then.
Okay, then.
Really quaff
N - 7 potions of curing {!q!d}?
You feel better.
You hear a shout!
The naga mage gestures at you while chanting.
The bolt of poison misses you. The naga spits poison at you.
The splash of poison hits you.
You are poisoned.
You have difficulty breathing.
You die...

#.###...##
#..#....#
#.......#
#......##
##.......##
#.........#
##.......##
######)..#
#).N@..[.#
#..N..)###
#..NN..# #.....<#
##......# ###
##..###..#
##.####.......##
###...##...@...##
#....##......).#


You could see Frances, 2 salamanders, a naga mage (fast) and a naga (curare,
catching breath).

Vanquished Creatures
  Jorgrun (Orc:2)
  A nagaraja (Snake:2)
  Aizul (Snake:1)
  Fannar (D:11)
  2 boulder beetles
  4 naga warriors
  A vault guard (D:13)
  6 catoblepae
  11 hydras
  Erica (Lair:1)
  4 anacondas
  15 death yaks
  4 two-headed ogres (D:12)
  2 tengu warriors
  4 naga sharpshooters (Snake:2)
  A shock serpent (Snake:2)
  An orc high priest (Orc:1)
  A salamander mystic (Snake:3)
  A fire crab (Lair:6)
  2 naga ritualists
  A bog body (IceCv)
  9 mana vipers
  9 orc knights
  A deep elf pyromancer (D:14)
  A necromancer (IceCv)
  2 salamanders
  2 cyclopes
  4 slime creatures (D:12)
  2 orc sorcerers
  10 ugly things
  5 manticores
  9 elephants
  2 ice statues (IceCv)
  8 naga magi
  20 black mambas
  13 cane toads
  9 komodo dragons
  6 rime drakes
  An efreet (D:14)
  An unseen horror (D:12)
  A tengu conjurer (D:13)
  6 ice devils (IceCv)
  A freezing wraith (D:14)
  2 entropy weaver simulacra (IceCv)
  2 anaconda simulacra (IceCv)
  A queen bee (Lair:3)
  7 polar bears
  8 trolls
  21 blink frogs
  A hornet (D:10)
  Prince Ribbit (Lair:1)
  A meliai zombie (D:11)
  16 dream sheep
  62 yaks
  8 basilisks
  5 wyverns
  A human (D:11)
  A vampire (D:12)
  2 dire elephant simulacra (IceCv)
  8 hogs
  4 wraiths
  A steam dragon (Lair:4)
  11 wargs (Orc:2)
  Menkaure (D:4)
  A warg (shapeshifter) (D:13)
  4 harpy simulacra (IceCv)
  12 nagas
  2 acid dragons
  12 water moccasins
  A swamp drake (D:10)
  5 black bears
  50 orc warriors
  2 sky beasts (D:5)
  18 wolves
  An ice beast (D:6)
  11 ogres
  3 centaurs
  A phantom (D:6)
  2 kobold brigands
  18 bullfrogs
  7 scorpions
  A two-headed ogre simulacrum (IceCv)
  A cane toad simulacrum (IceCv)
  A water moccasin zombie (D:6)
  42 killer bees
  An elephant simulacrum (IceCv)
  3 wights (D:8)
  9 howler monkeys
  An electric eel (Lair:6)
  3 centaur zombies
  2 hounds (D:7)
  22 orc priests
  A bullfrog skeleton (D:4)
  A gnoll shaman (D:7)
  A hell rat (Lair:3)
  19 orc wizards
  3 iguanas
  A killer bee zombie (D:6)
  A polar bear simulacrum (IceCv)
  A howler monkey zombie (D:9)
  7 gnolls (D:7)
  7 adders
  2 river rats
  A white imp (D:6)
  An ufetubus (IceCv)
  6 worms
  A dart slug (D:5)
  102 orcs
  6 ball pythons
  6 bats
  6 endoplasms
  7 giant cockroaches
  10 goblins
  4 hobgoblins
  5 jackals (D:1)
  4 quokkas
  6 frilled lizards
  11 kobolds
  6 rats
813 creatures vanquished.

Vanquished Creatures (collateral kills)
  Kirke (Lair:4)
  An anaconda (Snake:1)
  A naga warrior (Snake:1)
  An orc knight (Orc:2)
  2 salamanders (Snake:1)
  A manticore (D:11)
  A dream sheep (Lair:4)
  2 nagas (Snake:1)
10 creatures vanquished.

Vanquished Creatures (others)
  A black mamba (Snake:1)
  A bush (Lair:6)
  30 fungi
  62 plants
94 creatures vanquished.

Grand Total: 917 creatures vanquished

Notes
Turn   | Place    | Note
-------+----------+-------------------------------------------
     0 | D:1      | buhh the Octopode Transmuter began the quest for the Orb.
     0 | D:1      | Reached XP level 1. HP: 13/13 MP: 3/3
   319 | D:1      | Reached XP level 2. HP: 19/19 MP: 3/5
   626 | D:1      | Reached XP level 3. HP: 25/25 MP: 6/6
   626 | D:1      | Found a faded altar of an unknown god.
  1998 | D:2      | Reached XP level 4. HP: 32/32 MP: 7/7
  2395 | D:2      | Learned a level 2 spell: Wereblood
  2399 | D:2      | Learned a level 3 spell: Spider Form
  2616 | D:3      | Reached XP level 5. HP: 31/37 MP: 5/8
  2982 | D:3      | Found a shimmering blue altar of Sif Muna.
  2982 | D:3      | Found a shimmering altar of Xom.
  3585 | D:4      | Found a staircase to the Ecumenical Temple.
  3780 | D:4      | Reached XP level 6. HP: 45/45 MP: 6/9
  3816 | D:4      | Noticed Menkaure
  4101 | D:4      | Killed Menkaure
  4102 | D:4      | Reached skill level 4 in Transmutations
  4121 | D:5      | Entered Level 5 of the Dungeon
  4237 | D:4      | Found a snail-covered altar of Cheibriados.
  4269 | D:4      | Became a worshipper of Cheibriados the Contemplative
  4531 | D:4      | Reached XP level 7. HP: 46/50 MP: 10/10
  4896 | D:5      | Reached skill level 5 in Transmutations
  5127 | D:5      | Reached skill level 6 in Transmutations
  5462 | D:5      | Reached skill level 7 in Transmutations
  5462 | D:5      | Reached XP level 8. HP: 51/55 MP: 5/11
  5468 | D:5      | Reached * piety under Cheibriados
  5631 | D:5      | Reached skill level 8 in Transmutations
  5724 | D:5      | Learned a level 4 spell: Ice Form
  5806 | D:5      | Found Diuptac's Magic Scroll Boutique.
  5815 | D:5      | Bought a scroll of identify for 22 gold pieces
  5815 | D:5      | Bought a scroll of fear for 38 gold pieces
  5815 | D:5      | Bought a scroll of identify for 22 gold pieces
  5815 | D:5      | Bought a scroll of identify for 22 gold pieces
  5815 | D:5      | Bought a scroll of identify for 22 gold pieces
  5815 | D:5      | Bought a scroll of identify for 22 gold pieces
  5815 | D:5      | Bought a scroll of fog for 22 gold pieces
  6502 | D:6      | Reached XP level 9. HP: 34/61 MP: 10/12
  7254 | D:6      | Reached ** piety under Cheibriados
  8684 | D:7      | Reached *** piety under Cheibriados
  9485 | D:8      | Reached XP level 10. HP: 68/68 MP: 7/13
 10268 | D:9      | Reached **** piety under Cheibriados
 11074 | D:10     | Entered Level 10 of the Dungeon
 11170 | D:10     | Found a flagged portal.
 11190 | Bailey   | Entered a bailey
 11387 | Bailey   | Noticed an orc knight
 11389 | Bailey   | Noticed an orc knight
 11423 | Bailey   | Killed an orc knight
 11433 | Bailey   | Killed an orc knight
 11712 | Bailey   | Reached XP level 11. HP: 77/77 MP: 9/14
 11841 | D:10     | Noticed a seven-headed hydra
 11892 | D:11     | Noticed a manticore
 11898 | D:11     | Killed a manticore
 12032 | D:11     | Noticed Fannar
 12045 | D:11     | Killed Fannar
 12063 | D:11     | Noticed a boulder beetle
 12077 | D:11     | Found a frozen archway.
 12080 | D:11     | Killed a boulder beetle
 12081 | D:11     | Reached skill level 9 in Transmutations
 12091 | IceCv    | Entered an ice cave
 12700 | IceCv    | Reached ***** piety under Cheibriados
 13678 | IceCv    | Noticed a necromancer
 13678 | IceCv    | Noticed a bog body
 13680 | IceCv    | Killed a necromancer
 13680 | IceCv    | Killed a bog body
 13681 | IceCv    | Reached XP level 12. HP: 87/87 MP: 5/16
 14089 | D:11     | Found Dover's Armour Shop.
 14306 | D:11     | Reached skill level 10 in Transmutations
 14510 | D:12     | Noticed a two-headed ogre
 14584 | D:10     | Found a blossoming altar of Fedhas.
 14585 | D:10     | Found a stormy altar of Qazlal.
 14602 | D:10     | Killed a seven-headed hydra
 14794 | D:10     | Found a staircase to the Orcish Mines.
 15062 | D:10     | Found a sacrificial altar of Ru.
 15181 | D:10     | Found a staircase to the Lair.
 15453 | Lair:1   | Entered Level 1 of the Lair of Beasts
 15453 | Lair:1   | Noticed a five-headed hydra
 15464 | Lair:1   | Killed a five-headed hydra
 15878 | Lair:1   | Noticed Prince Ribbit
 15898 | Lair:1   | Killed Prince Ribbit
 16395 | Lair:1   | Reached skill level 11 in Transmutations
 17003 | Lair:1   | Noticed Erica
 17012 | Lair:1   | Killed Erica
 17013 | Lair:1   | Reached skill level 11 in Invocations
 17013 | Lair:1   | Reached XP level 13. HP: 92/92 MP: 7/21
 17632 | Lair:2   | Reached skill level 12 in Transmutations
 18442 | Lair:3   | Found a staircase to the Shoals.
 18632 | Lair:3   | Reached skill level 13 in Transmutations
 19278 | Lair:3   | Reached skill level 14 in Transmutations
 20262 | Lair:4   | Found a staircase to the Snake Pit.
 20807 | Lair:4   | Noticed Kirke
 20810 | Lair:4   | Reached skill level 15 in Transmutations
 20837 | Lair:4   | Killed Kirke
 21157 | Lair:4   | Reached XP level 14. HP: 99/99 MP: 20/22
 21271 | Lair:4   | Reached skill level 16 in Transmutations
 22421 | Lair:5   | Reached skill level 17 in Transmutations
 22880 | Lair:5   | Found a viscous altar of Jiyva.
 22880 | Lair:5   | Found a staircase to the Slime Pits.
 23722 | Lair:6   | Entered Level 6 of the Lair of Beasts
 23889 | Lair:6   | Reached skill level 11 in Fighting
 24267 | Lair:6   | Reached XP level 15. HP: 107/107 MP: 19/23
 24415 | Lair:6   | HP: 6/128 [something (11)]
 25831 | Lair:6   | Reached skill level 11 in Unarmed Combat
 27925 | D:13     | You fall into a shaft and drop 1 floor!
 29565 | Orc:1    | Entered Level 1 of the Orcish Mines
 29575 | Orc:1    | Reached XP level 16. HP: 120/120 MP: 20/24
 30205 | Orc:1    | Learned a level 7 spell: Storm Form
 30225 | Orc:2    | Entered Level 2 of the Orcish Mines
 30225 | Orc:2    | Noticed Jorgrun
 30239 | Orc:2    | Killed Jorgrun
 31251 | Orc:2    | Found a staircase to the Elven Halls.
 31500 | Orc:2    | Found Voecuqua's Magic Scroll Shop.
 31500 | Orc:2    | Found Sefiube Sets's Magic Scroll Shoppe.
 31509 | Orc:2    | Reached skill level 15 in Fighting
 31732 | Orc:2    | Bought a scroll of holy word for 90 gold pieces
 31732 | Orc:2    | Bought a scroll of teleportation for 36 gold pieces
 31732 | Orc:2    | Bought a scroll of amnesia for 42 gold pieces
 32201 | Orc:2    | Found Raemmaoh's General Store.
 32201 | Orc:2    | Found Ritaczex's Antique Weapon Shoppe.
 32699 | Snake:1  | Entered Level 1 of the Snake Pit
 32757 | Snake:1  | Noticed Aizul
 32766 | Snake:1  | Killed Aizul
 33205 | Snake:1  | Noticed Josephine
 33205 | Snake:1  | Noticed Frances
 33661 | Snake:2  | Identified the +8 tower shield "Ykhlo Vepa" {Int+2 SInv}
 33745 | Snake:2  | Noticed a nagaraja
 33759 | Snake:2  | Killed a nagaraja
 34294 | Snake:2  | Found Hejism's General Store.
 34482 | Snake:2  | Bought a potion of curing for 57 gold pieces
 34482 | Snake:2  | Bought a potion of brilliance for 76 gold pieces
 34773 | Snake:2  | Learned a level 6 spell: Statue Form
 35827 | Snake:1  | HP: 1/122 [salamander/+0 trident (6)]
 35828 | Snake:1  | Asphyxiated

Illustrated notes

Levels and vault maps discovered:
D:1:      dpeg_arrival_windows_large_door, layout_basic,
          dreamdust_ecumenical_altar_statues, amethyst_killhole
D:2:      layout_loops_cross, minmay_misc_feat_iff
D:3:      layout_loops_corners, gammafunk_temple_overflow_statue
D:4:      layout_basic, slow_altar_1, minmay_temple_entry_statues,
          grunt_ministairs_3, uniq_menkaure
D:5:      layout_gridville, serial_shops, shop
D:6:      layout_basic, cheibrodos_sewer_entry_sluice
D:7:      layout_basic
D:8:      layout_cave_pods
D:9:      layout_roguey
D:10:     layout_rooms, grunt_temple_overflow_forces_of_nature,
          lemuel_coloured_pillars_altar, grunt_lair_entry_orc_guard_hut,
          erik_orc_1, enter_bailey_3, kennysheep_generic_room_5
D:11:     layout_cave_pools, portal_ice_cave_entry_pillars_2, serial_shops,
          nicolae_shop_hallway_plus, grunt_livestock, uniq_fannar
D:12:     layout_roguey
D:13:     layout_cross, serial_co_window_serial, co_window_paths_b,
          co_window_paths_a, co_window_corner_a, co_window_paths_a,
          co_window_corner_a, co_window_broadway_a, co_window_of_opportunity_c,
          co_window_cross_3, co_window_unsneaky_path_d, co_window_2corner,
          co_window_2corner, glass_columns_c, glass_columns_a, glass_columns_c,
          glass_columns_c, glass_columns_a
D:14:     layout_cave_pools, lightli_vaults_fourway_checkpoint,
          chequers_serial_rivers_small_3
Lair:1:   layout_layer_cave, enter_volcano_4, lemuel_fruit_fields, uniq_erica,
          uniq_prince_ribbit2
Lair:2:   layout_roguey
Lair:3:   hangedman_what_comes_after_a, layout_chaotic_city, shoals_dummy_entry
Lair:4:   layout_cave_pods, minmay_snake_entry_guardpost_small,
          grunt_megastairs_2, uniq_kirke
Lair:5:   nzn_winding_woodlands_three_and_one
          [nzn_winding_woodlands_5x15_jagged, nzn_winding_woodlands_5x15_twine,
          nzn_winding_woodlands_5x15_crooked,
          nzn_winding_woodlands_center_pierced_h], layout_cave_pods,
          dpeg_slime_entry_enclosed_altar, beast_lair_carwin_3
Lair:6:   evilmike_catoblepas_cave, layout_cave_pods,
          infiniplex_staircase_pool_2, serial_bayou_shore_a, grunt_megastairs_4
Snake:1:  layout_cave_shapes, uniq_josephine, uniq_aizul, uniq_frances
Snake:2:  layout_rooms, serial_shops, shop
Snake:3:  layout_onion, lemuel_fruit_tree, grunt_megastairs_3
Orc:1:    layout_caves
Orc:2:    st_orc_town, layout_diamond_mine, uniq_jorgrun

Skill      XL: |  1  2  3  4  5  6  7  8  9 10 11 12 13 14 15 16 |
---------------+-------------------------------------------------+-----
Stealth        | 1 |  1.0
Fighting       | 2 3 4 5 8 10 11 14 15 | 15.0
Poison Magic   | 2 |  2.0
Transmutations | 4 7 8 9 11 15 17 | 17.1
Ice Magic      | 3 8 |  8.0
Dodging        | 4 5 |  5.0
Unarmed Combat | 7 8 9 11 | 11.1
Invocations    | 6 11 | 11.0
Air Magic      | 1 8 |  8.4
Earth Magic    | 7 |  7.0
Spellcasting   | |  2.0

Action                   |  1- 3 |  4- 6 |  7- 9 | 10-12 | 13-15 | 16-18 || total
-------------------------+-------+-------+-------+-------+-------+-------++-------
Melee: Unarmed           |    79 |   112 |   357 |   460 |   838 |   420 ||  2266
       Constrict         |    20 |    26 |     4 |     1 |       |     6 ||    57
       Kick              |    19 |    25 |     4 |       |       |       ||    48
       Tentacles         |    15 |    23 |     4 |       |       |    12 ||    54
       Punch             |     2 |     3 |     1 |     1 |       |     7 ||    14
       Staff             |       |       |       |       |     1 |       ||     1
 Cast: Beastly Appendage |    25 |    29 |     2 |       |       |       ||    56
       Wereblood         |       |     1 |     1 |     5 |     6 |       ||    13
       Spider Form       |       |     3 |    28 |       |       |       ||    31
       Ice Form          |       |       |    14 |    70 |   109 |    55 ||   248
       Statue Form       |       |       |       |       |       |    15 ||    15
Invok: Slouch            |       |       |       |     7 |    18 |     8 ||    33
       Step From Time    |       |       |       |       |     1 |       ||     1
Evoke: Wand              |       |     4 |       |     8 |     1 |     2 ||    15
       Phial of floods   |       |       |       |       |       |     1 ||     1
       Phantom mirror    |       |       |       |       |       |     1 ||     1
  Use: Scroll            |     3 |     7 |     6 |     4 |    10 |    12 ||    42
       Potion            |       |       |     2 |     1 |     9 |    10 ||    22
 Stab: Sleeping          |     7 |     6 |     2 |     2 |     5 |       ||    22
       Paralysed         |       |       |       |     3 |       |       ||     3
       Petrified         |       |       |       |       |     9 |       ||     9
Armor: Skin              |     9 |     2 |    45 |   146 |   290 |   153 ||   645
Dodge: Dodged            |    54 |    80 |   422 |   598 |  1046 |   704 ||  2904
